General information
			
			
        
        - name: BNet
 
        - type: Ladder team game (AT/RT)
 
        - host: Battle.net
 
        - saver: iggy_the_fisk
 
        
map: Highperch 
        - players: 6
 
        - length: 41:00
 
        - speed: Fast
 - version: 1.21 W3XP
 - replay type:  

 
» download(245 KB)
Players
        team 1 (winner) 
              
              
BEAR_AND (
red | 71 APM | 2926 actions | 40:59)
              
 7 Blademaster 
 3 Wind Walk
 3 Critical Strike
 1 Bladestorm
 
                » actions 
                
                | Assign group hotkey | 15 |  | 
| Basic commands | 6 |  | 
| Build / train | 56 |  | 
| Enter build submenu | 106 |  | 
| Enter hero's abilities submenu | 7 |  | 
| Give item / drop item | 5 |  | 
| Right click | 1798 |  | 
| Select / deselect | 348 |  | 
| Select group hotkey | 397 |  | 
| Use ability | 186 |  | 
                2926 total
 » units 
                
                | Peon | 10 |  | 
| Troll Batrider | 16 |  | 
| Wind Rider | 2 |  | 
                28 total
 » upgrades
                
                | Spiked Barricades | 2 |  | 
| Ranged Weapons | 3 |  | 
| Reinforced Defenses | 1 |  | 
| Liquid Fire | 1 |  | 
| Armor | 1 |  | 
| Envenomed Spears | 1 |  | 
                9 total
 » buildings
                
                | Altar of Storms | 1 |  | 
| Orc Burrow | 4 |  | 
| War Mill | 2 |  | 
| Watch Tower | 90 |  | 
| Stronghold | 1 |  | 
| Voodoo Lounge | 2 |  | 
| Beastiary | 2 |  | 
| Fortress | 1 |  | 
                103 total
 » build order
                00:07 Altar of Storms
00:19 Orc Burrow
00:26 War Mill
01:48 Watch Tower
01:58 Watch Tower
02:34 Watch Tower
02:46 Watch Tower
03:00 Watch Tower
03:23 Watch Tower
03:54 Watch Tower
03:55 Stronghold
04:10 Watch Tower
04:17 Watch Tower
04:20 Watch Tower
04:27 Voodoo Lounge
04:29 Voodoo Lounge
05:06 Watch Tower
05:27 Watch Tower
05:37 Watch Tower
05:40 Watch Tower
05:44 Watch Tower
05:54 Watch Tower
06:14 Watch Tower
06:40 Beastiary
06:49 Beastiary
06:57 Orc Burrow
07:13 Fortress
07:20 Watch Tower
07:22 Watch Tower
07:38 Watch Tower
07:39 Watch Tower
08:30 Watch Tower
08:34 Watch Tower
08:49 Watch Tower
09:19 Orc Burrow
09:31 Watch Tower
09:40 Watch Tower
10:25 Watch Tower
10:31 Watch Tower
10:41 Watch Tower
10:58 Watch Tower
12:03 Orc Burrow
12:30 Watch Tower
12:50 Watch Tower
14:23 Watch Tower
22:14 War Mill
22:19 Watch Tower
22:23 Watch Tower
22:25 Watch Tower
22:30 Watch Tower
22:33 Watch Tower
22:35 Watch Tower
23:26 Watch Tower
23:32 Watch Tower
23:35 Watch Tower
23:37 Watch Tower
23:42 Watch Tower
23:46 Watch Tower
23:49 Watch Tower
24:39 Watch Tower
24:52 Watch Tower
25:04 Watch Tower
25:10 Watch Tower
25:13 Watch Tower
25:19 Watch Tower
25:28 Watch Tower
26:04 Watch Tower
26:17 Watch Tower
26:23 Watch Tower
26:28 Watch Tower
26:34 Watch Tower
26:39 Watch Tower
27:04 Watch Tower
27:17 Watch Tower
27:25 Watch Tower
27:30 Watch Tower
27:36 Watch Tower
27:42 Watch Tower
28:40 Watch Tower
28:44 Watch Tower
28:48 Watch Tower
28:51 Watch Tower
28:55 Watch Tower
28:59 Watch Tower
29:07 Watch Tower
30:07 Watch Tower
31:04 Watch Tower
31:32 Watch Tower
31:35 Watch Tower
31:43 Watch Tower
31:51 Watch Tower
33:13 Watch Tower
33:15 Watch Tower
33:33 Watch Tower
33:53 Watch Tower
33:55 Watch Tower
37:25 Watch Tower
37:27 Watch Tower
37:29 Watch Tower
37:30 Watch Tower
37:32 Watch Tower
37:35 Watch Tower
37:38 Watch Tower
» items
                
                | Healing Salve | 3 |  | 
| Lesser Clarity Potion | 2 |  | 
| Staff of Teleportation | 1 |  | 
| Boots of Speed | 1 |  | 
| Orb of Lightning | 1 |  | 
| Scroll of Town Portal | 1 |  | 
                9 total
  
               
              
              
iggy_the_fisk (
pink | 77 APM | 3159 actions | 41:00)
              
 5 Archmage 
 3 Blizzard
 2 Brilliance Aura
 4 Blood Mage 
 2 Flame Strike
 2 Siphon Mana
 
                » actions 
                
                | Assign group hotkey | 277 |  | 
| Basic commands | 14 |  | 
| Build / train | 142 |  | 
| Enter build submenu | 61 |  | 
| Enter hero's abilities submenu | 9 |  | 
| Give item / drop item | 4 |  | 
| Remove unit from queue | 6 |  | 
| Right click | 1595 |  | 
| Select / deselect | 360 |  | 
| Select group hotkey | 524 |  | 
| Use ability | 167 |  | 
                3159 total
 » units 
                
                | Peasant | 17 |  | 
| Sorceress | 1 |  | 
| Priest | 1 |  | 
| Dragonhawk Rider | 26 |  | 
                45 total
 » upgrades
                
                | Masonry | 3 |  | 
| Magic Sentry | 1 |  | 
| Sorceress Training | 2 |  | 
| Lumber Harvesting | 2 |  | 
| Swords | 3 |  | 
| Armor | 3 |  | 
| Animal War Training | 1 |  | 
| Priest Training | 2 |  | 
| Cloud | 1 |  | 
                18 total
 » buildings
                
                | Altar of Kings | 1 |  | 
| Lumber Mill | 1 |  | 
| Farm | 13 |  | 
| Scout Tower | 45 |  | 
| Arcane Tower | 2 |  | 
| Guard Tower | 43 |  | 
| Keep | 4 |  | 
| Arcane Vault | 2 |  | 
| Town Hall | 1 |  | 
| Arcane Sanctum | 1 |  | 
| Castle | 1 |  | 
| Gryphon Aviary | 1 |  | 
| Barracks | 1 |  | 
| Blacksmith | 1 |  | 
                117 total
 » build order
                00:10 Altar of Kings
00:20 Lumber Mill
00:28 Farm
01:19 Scout Tower
01:32 Farm
01:49 Arcane Tower
01:50 Scout Tower
01:53 Scout Tower
02:07 Scout Tower
02:19 Scout Tower
02:20 Guard Tower
02:26 Scout Tower
02:32 Scout Tower
02:47 Guard Tower
02:48 Scout Tower
02:52 Arcane Tower
02:53 Scout Tower
03:00 Guard Tower
03:22 Guard Tower
03:24 Scout Tower
03:26 Scout Tower
03:28 Guard Tower
03:30 Scout Tower
03:56 Guard Tower
03:58 Scout Tower
04:12 Keep
04:13 Keep
04:13 Keep
04:13 Keep
04:14 Scout Tower
04:15 Guard Tower
04:17 Guard Tower
04:18 Scout Tower
04:32 Arcane Vault
04:36 Guard Tower
04:36 Guard Tower
04:37 Guard Tower
04:37 Guard Tower
04:45 Guard Tower
04:46 Guard Tower
04:50 Scout Tower
04:54 Guard Tower
04:57 Scout Tower
05:21 Guard Tower
05:23 Scout Tower
05:48 Farm
05:50 Scout Tower
05:51 Scout Tower
06:24 Guard Tower
06:38 Town Hall
06:51 Arcane Sanctum
06:57 Scout Tower
07:04 Guard Tower
07:04 Guard Tower
07:04 Guard Tower
07:20 Guard Tower
07:24 Guard Tower
07:24 Guard Tower
07:25 Guard Tower
07:33 Guard Tower
07:33 Guard Tower
07:33 Guard Tower
07:34 Guard Tower
08:11 Scout Tower
08:12 Scout Tower
08:19 Scout Tower
08:32 Scout Tower
08:33 Scout Tower
08:34 Scout Tower
08:51 Guard Tower
08:55 Guard Tower
08:56 Scout Tower
08:57 Scout Tower
09:05 Castle
09:15 Guard Tower
09:43 Scout Tower
09:44 Scout Tower
09:45 Scout Tower
09:46 Scout Tower
09:47 Scout Tower
09:47 Scout Tower
09:53 Guard Tower
09:57 Scout Tower
10:01 Guard Tower
10:03 Scout Tower
10:31 Guard Tower
10:34 Scout Tower
10:35 Scout Tower
11:18 Guard Tower
11:20 Scout Tower
11:20 Scout Tower
11:25 Guard Tower
11:32 Gryphon Aviary
11:34 Barracks
11:37 Blacksmith
11:44 Guard Tower
11:51 Guard Tower
12:14 Guard Tower
12:17 Arcane Vault
12:23 Scout Tower
12:24 Scout Tower
12:31 Farm
12:33 Farm
13:32 Guard Tower
20:13 Farm
20:13 Farm
20:14 Farm
20:15 Farm
20:16 Farm
23:15 Farm
23:16 Farm
23:16 Farm
32:02 Scout Tower
32:04 Scout Tower
» items
                
                | Healing Salve | 2 |  | 
| Boots of Speed | 1 |  | 
| Staff of Teleportation | 2 |  | 
| Orb of Lightning | 1 |  | 
| Staff of Sanctuary | 2 |  | 
| Scroll of Town Portal | 2 |  | 
| Mechanical Critter | 2 |  | 
                12 total
  
               
              
              
TIMG4STRok (
purple | 71 APM | 2924 actions | 40:58)
              
 6 Warden 
 2 Shadow Strike
 3 Blink
 1 Spirit of Vengeance
 
                » actions 
                
                | Assign group hotkey | 18 |  | 
| Basic commands | 63 |  | 
| Build / train | 88 |  | 
| ESC pressed | 1 |  | 
| Enter build submenu | 17 |  | 
| Enter hero's abilities submenu | 6 |  | 
| Give item / drop item | 4 |  | 
| Right click | 1796 |  | 
| Select / deselect | 218 |  | 
| Select group hotkey | 538 |  | 
| Use ability | 175 |  | 
                2924 total
 » units 
                
                | Wisp | 31 |  | 
| Druid of the Talon | 12 |  | 
| Chimaera | 9 |  | 
                52 total
 » upgrades
                
                | Druid of the Talon Training | 2 |  | 
| Ultravision | 1 |  | 
| Well Spring | 1 |  | 
| Nature's Blessing | 1 |  | 
| Mark of the Talon | 1 |  | 
| Strength of the Wild | 3 |  | 
| Reinforced Hides | 3 |  | 
| Corrosive Breath | 1 |  | 
                13 total
 » buildings
                
                | Altar of Elders | 1 |  | 
| Moon Well | 7 |  | 
| Tree of Life | 2 |  | 
| Tree of Ages | 1 |  | 
| Ancient of Wonders | 2 |  | 
| Ancient of Wind | 2 |  | 
| Hunter's Hall | 1 |  | 
| Tree of Eternity | 1 |  | 
| Chimaera Roost | 2 |  | 
                19 total
 » build order
                00:04 Altar of Elders
00:20 Moon Well
01:44 Moon Well
02:20 Moon Well
02:24 Moon Well
05:24 Tree of Life
05:30 Tree of Life
06:27 Moon Well
06:49 Tree of Ages
08:41 Ancient of Wonders
09:13 Ancient of Wind
11:29 Hunter's Hall
11:35 Tree of Eternity
25:08 Ancient of Wind
26:39 Moon Well
26:40 Moon Well
30:43 Chimaera Roost
30:45 Chimaera Roost
36:46 Ancient of Wonders
» items
                
                | Boots of Speed | 1 |  | 
| Staff of Teleportation | 1 |  | 
| Lesser Clarity Potion | 2 |  | 
| Orb of Venom | 1 |  | 
| Potion of Healing | 1 |  | 
| Circlet of Nobility | 1 |  | 
| Tiny Great Hall | 1 |  | 
| Staff of Sanctuary | 1 |  | 
| Staff of Preservation | 1 |  | 
                10 total
  
               team 2 (loser) 
              
              
» 
I.Found.the.End (
orange | 44 APM | 1762 actions | 40:22)
              
 3 Dreadlord 
 1 Sleep
 2 Vampiric Aura
 
                » actions 
                
                | Assign group hotkey | 22 |  | 
| Basic commands | 112 |  | 
| Build / train | 70 |  | 
| ESC pressed | 3 |  | 
| Enter build submenu | 29 |  | 
| Enter hero's abilities submenu | 3 |  | 
| Give item / drop item | 1 |  | 
| Remove unit from queue | 1 |  | 
| Right click | 756 |  | 
| Select / deselect | 378 |  | 
| Select group hotkey | 331 |  | 
| Use ability | 56 |  | 
                1762 total
 » units 
                
                | Acolyte | 11 |  | 
| Ghoul | 10 |  | 
| Crypt Fiend | 7 |  | 
| Frost Wyrm | 7 |  | 
                35 total
 » upgrades
                
                | Unholy Armor | 1 |  | 
| Unholy Strength | 1 |  | 
| Cannibalize | 1 |  | 
| Creature Attack | 3 |  | 
| Creature Carapace | 3 |  | 
| Freezing Breath | 1 |  | 
| Web | 1 |  | 
| Ghoul Frenzy | 1 |  | 
                12 total
 » buildings
                
                | Crypt | 1 |  | 
| Ziggurat | 12 |  | 
| Altar of Darkness | 1 |  | 
| Graveyard | 1 |  | 
| Tomb of Relics | 2 |  | 
| Nerubian Tower | 2 |  | 
| Spirit Tower | 5 |  | 
| Halls of the Dead | 2 |  | 
| Black Citadel | 3 |  | 
| Sacrificial Pit | 1 |  | 
| Boneyard | 3 |  | 
                33 total
 » build order
                00:13 Crypt
00:16 Ziggurat
00:39 Altar of Darkness
01:07 Graveyard
01:43 Ziggurat
02:13 Ziggurat
02:40 Tomb of Relics
03:17 Nerubian Tower
07:20 Ziggurat
07:21 Ziggurat
07:23 Ziggurat
07:26 Ziggurat
07:27 Ziggurat
08:20 Spirit Tower
09:09 Ziggurat
09:35 Halls of the Dead
09:45 Ziggurat
10:09 Nerubian Tower
10:43 Spirit Tower
10:48 Spirit Tower
10:51 Spirit Tower
12:23 Black Citadel
12:23 Black Citadel
12:23 Black Citadel
12:27 Sacrificial Pit
12:40 Ziggurat
12:51 Ziggurat
12:55 Tomb of Relics
14:46 Boneyard
14:53 Boneyard
14:57 Boneyard
15:05 Spirit Tower
» items
                
                | Rod of Necromancy | 1 |  | 
| Orb of Corruption | 1 |  | 
                2 total
  
               
              
              
» 
Lotus.Relic (
teal | 68 APM | 2786 actions | 40:57)
              
 3 Death Knight 
 1 Death Coil
 2 Unholy Aura
 1 Crypt Lord 
 1 Impale
 1 Lich 
 1 Frost Nova
 
                » actions 
                
                | Assign group hotkey | 35 |  | 
| Basic commands | 85 |  | 
| Build / train | 101 |  | 
| ESC pressed | 16 |  | 
| Enter build submenu | 35 |  | 
| Enter hero's abilities submenu | 5 |  | 
| Give item / drop item | 7 |  | 
| Right click | 1357 |  | 
| Select / deselect | 575 |  | 
| Select group hotkey | 483 |  | 
| Use ability | 87 |  | 
                2786 total
 » units 
                
                | Acolyte | 19 |  | 
| Ghoul | 3 |  | 
| Crypt Fiend | 7 |  | 
| Centaur Outrunner | 1 |  | 
| Obsidian Statue | 1 |  | 
| Frost Wyrm | 5 |  | 
| Gargoyle | 7 |  | 
| Meatwagon | 5 |  | 
                48 total
 » upgrades
                
                | Creature Attack | 3 |  | 
| Burrow | 1 |  | 
| Web | 1 |  | 
| Creature Carapace | 2 |  | 
| Freezing Breath | 1 |  | 
| Unholy Strength | 1 |  | 
                9 total
 » buildings
                
                | Crypt | 1 |  | 
| Ziggurat | 18 |  | 
| Graveyard | 1 |  | 
| Altar of Darkness | 1 |  | 
| Tomb of Relics | 3 |  | 
| Nerubian Tower | 3 |  | 
| Spirit Tower | 12 |  | 
| Halls of the Dead | 1 |  | 
| Sacrificial Pit | 1 |  | 
| Slaughterhouse | 1 |  | 
| Black Citadel | 1 |  | 
| Boneyard | 2 |  | 
                45 total
 » build order
                00:08 Crypt
00:11 Ziggurat
00:54 Graveyard
01:15 Altar of Darkness
01:45 Ziggurat
02:16 Tomb of Relics
02:34 Nerubian Tower
02:57 Spirit Tower
03:49 Ziggurat
04:34 Halls of the Dead
07:07 Sacrificial Pit
07:46 Slaughterhouse
08:05 Ziggurat
08:07 Ziggurat
10:57 Ziggurat
11:02 Tomb of Relics
12:29 Black Citadel
12:58 Ziggurat
12:59 Spirit Tower
13:41 Ziggurat
14:44 Spirit Tower
14:45 Nerubian Tower
16:35 Ziggurat
16:38 Ziggurat
16:43 Ziggurat
16:51 Spirit Tower
17:32 Spirit Tower
17:33 Spirit Tower
18:36 Spirit Tower
20:45 Boneyard
21:15 Boneyard
25:57 Ziggurat
26:02 Ziggurat
26:12 Ziggurat
26:16 Ziggurat
26:56 Spirit Tower
26:57 Spirit Tower
27:57 Ziggurat
28:01 Ziggurat
28:03 Spirit Tower
28:08 Ziggurat
30:37 Spirit Tower
31:31 Nerubian Tower
31:33 Spirit Tower
37:26 Tomb of Relics
» items
                
                | Rod of Necromancy | 1 |  | 
| Dust of Appearance | 1 |  | 
| Boots of Speed | 1 |  | 
| Potion of Invisibility | 1 |  | 
| Sacrificial Skull | 2 |  | 
| Potion of Healing | 1 |  | 
| Potion of Lesser Invulnerability | 1 |  | 
| Scroll of Healing | 3 |  | 
| Staff of Teleportation | 2 |  | 
| Orb of Corruption | 1 |  | 
| Potion of Mana | 2 |  | 
| Tiny Great Hall | 1 |  | 
| Orb of Lightning | 1 |  | 
| Scroll of Town Portal | 1 |  | 
                19 total
  
               
              
              
» 
Lunatic.Fringe (
yellow | 47 APM | 1921 actions | 40:32)
              
 3 Tauren Chieftain 
 1 War Stomp
 2 Endurance Aura
 1 Shadow Hunter 
 1 Hex
 1 Goblin Tinker 
 1 Pocket Factory
 
                » actions 
                
                | Assign group hotkey | 20 |  | 
| Basic commands | 41 |  | 
| Build / train | 49 |  | 
| Enter build submenu | 21 |  | 
| Enter hero's abilities submenu | 5 |  | 
| Give item / drop item | 2 |  | 
| Right click | 681 |  | 
| Select / deselect | 296 |  | 
| Select group hotkey | 721 |  | 
| Use ability | 85 |  | 
                1921 total
 » units 
                
                | Peon | 11 |  | 
| Grunt | 7 |  | 
| Wind Rider | 2 |  | 
| Troll Batrider | 7 |  | 
                27 total
 » upgrades
                
                | Ranged Weapons | 2 |  | 
| Armor | 1 |  | 
| Reinforced Defenses | 1 |  | 
| Liquid Fire | 1 |  | 
| Spiked Barricades | 1 |  | 
                6 total
 » buildings
                
                | Altar of Storms | 1 |  | 
| Orc Burrow | 8 |  | 
| Barracks | 1 |  | 
| Voodoo Lounge | 1 |  | 
| Stronghold | 1 |  | 
| War Mill | 1 |  | 
| Great Hall | 1 |  | 
| Beastiary | 2 |  | 
| Fortress | 1 |  | 
| Watch Tower | 4 |  | 
                21 total
 » build order
                00:12 Altar of Storms
00:17 Orc Burrow
00:39 Barracks
01:30 Orc Burrow
02:29 Voodoo Lounge
03:19 Orc Burrow
04:00 Stronghold
04:27 War Mill
05:31 Orc Burrow
07:02 Great Hall
08:00 Beastiary
08:05 Beastiary
09:17 Fortress
09:21 Orc Burrow
09:37 Watch Tower
09:42 Watch Tower
10:13 Watch Tower
12:36 Watch Tower
15:37 Orc Burrow
26:29 Orc Burrow
26:31 Orc Burrow
» items
                
                | Healing Salve | 1 |  | 
| Scroll of Speed | 1 |  | 
| Staff of Teleportation | 1 |  | 
| Tiny Great Hall | 1 |  | 
| Orb of Lightning | 1 |  | 
| Lesser Clarity Potion | 1 |  | 
                6 total
  
                Chat log
          (00:30 / All) TIMG4STRok: hay all, yall gay j/k
(00:33 / All) TIMG4STRok: jay/kay rofles
(00:47 / All) Lunatic.Fringe: your a real jokester huh?
(00:48 / All) TIMG4STRok: you guys from??? races??
(01:00 / All) TIMG4STRok: jokess be funny mon
(01:55 / All) TIMG4STRok: am shitting on you're balls.
(02:05 / All) Lunatic.Fringe: im not into that
(02:28 / All) BEAR_AND: gl ds
(02:36 / All) TIMG4STRok: gl hfz0r
(02:43 / All) TIMG4STRok: jk you will hate this game
(03:42 / Allies) iggy_the_fisk: GAYBE
(06:39 / All) Lunatic.Fringe: fuck you
(06:42 / All) TIMG4STRok: huyh'
(07:40 / All) TIMG4STRok: no sorry
(07:42 / All) TIMG4STRok: nice waste.
(07:48 / All) iggy_the_fisk: heya noob
(11:07 / All) BEAR_AND: tower noobs......
(11:19 / All) I.Found.the.End: you made it this way
(11:28 / All) Lunatic.Fringe: yep
(11:33 / All) Lunatic.Fringe: this is nothing new to me
(11:41 / All) BEAR_AND: u a noob
(11:44 / All) Lunatic.Fringe: a strat for the desperate and bored
(11:59 / All) I.Found.the.End: I'd kill you, you know
(12:07 / All) BEAR_AND: irl?
(21:24 / All) iggy_the_fisk: nice NOOOB IMBA
(21:34 / All) I.Found.the.End: lol
(24:30 / All) TIMG4STRok: u stink, owned by blink
(24:37 / All) Lotus.Relic: sure
(24:39 / All) I.Found.the.End: nah
(24:46 / All) I.Found.the.End: you're just a some negro
(24:57 / All) BEAR_AND: yea....u mean awesome
(24:59 / All) TIMG4STRok: just awesome negro u mean
(25:03 / All) I.Found.the.End: not even the same species
(28:12 / All) TIMG4STRok: war stopm
(28:24 / All) TIMG4STRok: noob
(28:25 / All) I.Found.the.End: moron
(28:30 / All) TIMG4STRok: heh. i show u moron
(29:35 / All) I.Found.the.End: fuckin girls
(29:40 / All) BEAR_AND: lmfao
(29:41 / All) TIMG4STRok: bye
(29:42 / All) BEAR_AND: nope sorry
(29:45 / All) BEAR_AND: beat u there
(32:42 / All) BEAR_AND: snag n bag
(32:51 / All) BEAR_AND: in da pipe 555
(33:01 / All) BEAR_AND: whos gonna save u now
(33:15 / All) TIMG4STRok: yoiu guys are bad at this.
(33:28 / All) BEAR_AND: fyi..,.....we invented it (me & timg at least)
(33:47 / All) Lotus.Relic: well it didnt work
(33:51 / All) Lotus.Relic: and your not winnning
(34:00 / All) BEAR_AND: huh
(34:02 / All) BEAR_AND: hanh
(34:08 / All) I.Found.the.End: yeah dude, turns out, you're just a fuckin fag in the end
(34:19 / All) BEAR_AND: huh
(34:23 / All) I.Found.the.End: yeah
(34:25 / All) I.Found.the.End: thats right
(34:33 / All) BEAR_AND: l;mfao
(34:34 / All) TIMG4STRok: damn
(34:34 / All) BEAR_AND: whos winning?
(34:35 / All) iggy_the_fisk: sweet move
(34:36 / All) I.Found.the.End: Lol
(34:46 / All) Lotus.Relic: those cant win you shit
(34:50 / All) BEAR_AND: jesus christe u are swinge
(35:55 / All) BEAR_AND: how long do you want to spend with the grandmasters of highperch
(36:04 / All) Lotus.Relic: we have weed
(36:05 / All) BEAR_AND: we can turn this into a lesson if you would like
(36:11 / All) Lotus.Relic: we can turn this into a marathon nigga
(36:27 / All) I.Found.the.End: im leaving my comp on as along as it takes
(36:43 / All) BEAR_AND: lol.....
(36:46 / All) I.Found.the.End: im just gonna cash in and rest on the reserves
(36:51 / All) BEAR_AND: you know the record so far is 18 hours right....
(37:01 / All) I.Found.the.End: no money caps here
(37:05 / All) BEAR_AND: i mean your mom prob has to check her email sometime in the next 18 hours
(37:09 / All) iggy_the_fisk: ever been ina game longer than 12 hrs?
(37:11 / All) BEAR_AND: and then you doomed.....
(37:13 / All) iggy_the_fisk: things get... interesting...
(38:00 / All) I.Found.the.End: 1
(38:18 / All) BEAR_AND: one game longer than 12 hours?
(38:26 / All) BEAR_AND: pathetic
(38:28 / All) I.Found.the.End: ive done 19
(38:33 / All) BEAR_AND: 19 hours>
(38:36 / All) I.Found.the.End: you just leave it on
(38:38 / All) BEAR_AND: on what account?
(38:40 / All) I.Found.the.End: and chill
(38:43 / All) I.Found.the.End: smoke some weed
(38:45 / All) I.Found.the.End: the.performist
(39:23 / All) BEAR_AND: hmmmm
(39:25 / All) BEAR_AND: i will check that
(39:41 / All) TIMG4STRok: nah he dead
(39:46 / All) BEAR_AND: Game Length Report: 80 to 90 Minutes
(39:46 / All) TIMG4STRok: hope you buy potion fast.
(39:52 / All) BEAR_AND: nope sorry
(39:53 / All) BEAR_AND: you lie
(39:59 / All) BEAR_AND: unless it was dota LMFAO!
(40:03 / All) iggy_the_fisk: obviously
(40:05 / All) Lunatic.Fringe: I dont have time for you losers
(40:07 / All) BEAR_AND: bye
(40:08 / All) BEAR_AND: noob
(40:08 / All) iggy_the_fisk: since he thinks it's just leave it on and no problem
(40:10 / All) BEAR_AND: quit now bitch
(40:12 / All) iggy_the_fisk: bye noob nice loss
(40:12 / All) BEAR_AND: kiss my feet & quit
(40:17 / All) I.Found.the.End: the fags of the high perch
(40:18 / All) Lunatic.Fringe: must suck
(40:28 / All) Lunatic.Fringe: to want to do that strat on a weekend